cohdb
Replays
Latest Replays
All Replays
Popular Replays
Top Player Replays
Match Explorer
How It Works
Community
CoH3 Stats
Reddit
Sign in to upload your games and track your stats! →
Sign in with Steam
Match 41349681
Unlisted
Match 41349681
Overview
Messages
Build Orders
End
Kradschützen Motorcycle Team
Selects Battlefield Espionage Battlegroup
Panzergrenadier Squad
Panzergrenadier Squad
Construct Light Support Kompanie
Selects Intel Disruption Beacon
Panzerjäger Squad
Fire Support Elements
Flakvierling Half-track
Selects Plunder
2.5-tonne Medical Truck
AI Takeover
Sgt wiggumZ
Hudkey
sss
I scream
Illusive Man
Arwootarch
Not Emily Willis™
BigWrebbs
0
0
Comments
sign in to comment!
No comments posted yet!